 Dungeon Crawl Stone Soup version 0.29.1-12-g30fa7ad0bf (webtiles) character file.

Game seed: 8669654136491741587

212 EarthwalkerPL the Shield-Bearer (level 6, 0/49 HPs)
             Began as a Formicid Fighter on Dec 30, 2022.
             Slain by an ogre
             ... wielding a +0 giant spiked club
              (24 damage)
             ... on level 4 of the Dungeon.
             The game lasted 00:09:44 (3784 turns).

EarthwalkerPL the Shield-Bearer (Formicid Fighter)  Turns: 3784, Time: 00:09:44

Health: 0/49       AC:  9    Str: 22    XL:     6   Next: 14%
Magic:  6/6        EV:  7    Int:  8    God:
Gold:   195        SH:  6    Dex: 19    Spells: 5/5 levels left

rFire   . . .      SeeInvis +   a - +0 war axe
rCold   . . .      Faith    .   c - +0 buckler
rNeg    . . .      Spirit   .   e - +0 chain mail
rPois   .          Reflect  .   (helmet unavailable)
rElec   .          Harm     .   q - scarf {+Inv}
rCorr   .          Rampage  .   (no gloves)
Will    .....                   (no boots)
Stlth   ..........              h - amulet of the acrobat
HPRegen 0.16/turn               o - +6 ring of dexterity
MPRegen 0.10/turn               (no ring)

@: no status effects
A: permanent stasis, dig shafts and tunnels, antennae 3, four strong arms
a: Dig, Shaft Self, Evoke Invisibility


You were on level 4 of the Dungeon.
You visited 1 branch of the dungeon, and saw 4 of its levels.

You collected 195 gold pieces.

Inventory:

Hand Weapons
 a - a +0 war axe (weapon)
Missiles
 p - a boomerang (quivered)
Armour
 b - a +0 scale mail
 c - a +0 buckler (worn)
 e - a +0 chain mail (worn)
 q - a scarf of invisibility (worn)
Jewellery
 h - an amulet of the acrobat (around neck)
 j - an amulet of magic regeneration
 o - a +6 ring of dexterity (left hand)
Wands
 t - a wand of quicksilver (12)
Scrolls
 g - 2 scrolls of fear {unknown}
 l - a scroll of silence {unknown}
 m - 3 scrolls of identify {unknown}
 r - 3 scrolls of enchant armour {unknown}
 s - a scroll of teleportation {unknown}
Potions
 d - 3 potions of might
 f - a potion of resistance {unknown}
 i - a potion of magic {unknown}
 k - 4 potions of curing {unknown}
 n - 3 potions of mutation {unknown}


   Skills:
 * Level 4.4 Fighting
 * Level 3.3 Axes
 * Level 4.5 Armour
 * Level 5.4 Shields


You had 5 spell levels left.
You didn't know any spells.
Your spell library contained the following spells:

 Spells                   Type           Power      Damage    Failure   Level
 Necrotise                Necr           0%         1d4       99%         1
 Confusing Touch          Hex            0%         N/A       100%        3
 Vampiric Draining        Necr           0%         2d6       100%        3
 Agony                    Necr           0%         N/A       100%        5
 Yara's Violent Unravell  Hex/Tmut       0%         3d3       100%        5
 Enfeeble                 Hex            0%         N/A       100%        7


Dungeon Overview and Level Annotations

Branches:
Dungeon (4/15)
 Temple: D:4-7

Altars:

Annotations:
D:2 Sigmund


Innate Abilities, Weirdness & Mutations

You cannot be hasted, slowed, berserked, paralysed or teleported.
You can dig through walls and to a lower floor.
You have a pair of large antennae on your head. (SInv)
Your four strong arms can wield two-handed weapons with a shield.


Message History

The iguana is moderately wounded.
You block the iguana's attack. The iguana closely misses you.
You hit the iguana.
The iguana is severely wounded.
The iguana bites you but does no damage.
You hit the iguana.
You kill the iguana!
There is an open door, spattered with blood here.
An ogre comes into view. It is wielding a +0 giant spiked club.
The ogre shouts!
There is an open door, spattered with blood here.
Throw: 2 boomerangs
Press: ? - help, Q - select action, (/) - cycle Shift-Dir - straight line, f - ogre
Aim: an ogre, wielding a +0 giant spiked club (77% to hit)
You throw a boomerang. The boomerang hits the ogre.
The ogre is lightly wounded.
Throw: 2 boomerangs
Press: ? - help, Q - select action, (/) - cycle Shift-Dir - straight line, f/p - ogre
Aim: an ogre, wielding a +0 giant spiked club (lightly wounded, 77% to hit)
You throw a boomerang. The boomerang hits the ogre.
The ogre is lightly wounded.
Throw: 2 boomerangs
Press: ? - help, Q - select action, (/) - cycle Shift-Dir - straight line, f/p - ogre
Aim: an ogre, wielding a +0 giant spiked club (lightly wounded, 77% to hit)
You throw a boomerang. The boomerang hits the ogre.
The ogre is moderately wounded.
There are no items here.
Throw: boomerang
Press: ? - help, Q - select action, (/) - cycle Shift-Dir - straight line, f/p - ogre
Aim: an ogre, wielding a +0 giant spiked club (moderately wounded, 77% to hit)
You throw a boomerang. The boomerang hits the ogre.
The ogre is moderately wounded.
The ogre hits you with a +0 giant spiked club.
You slash the ogre!
The ogre is severely wounded.
The ogre hits you with a +0 giant spiked club!!
You slash the ogre!
The ogre is almost dead.
The ogre hits you with a +0 giant spiked club!!
You die...

#....................#
#.....########.##...##
#.....##....##.###### #
##....##..........
##.##....##..........
#....................
#....................
#....................
##.......####@#########
#.......#...O.........
#########.............
....................
....................
....................
.......#####........
....... #........
....... #########


You could see an ogre.

Vanquished Creatures
  A scorpion (D:4)
  2 iguanas (D:4)
  3 adders
  5 worms
  2 dart slugs
  An orc (D:4)
  5 bats
  3 endoplasms
  2 giant cockroaches
  5 goblins
  3 hobgoblins
  7 jackals
  2 quokkas (D:2)
  4 ball pythons
  A frilled lizard (D:1)
  9 kobolds
  7 rats
62 creatures vanquished.

Notes
Turn   | Place    | Note
-------+----------+-------------------------------------------
     0 | D:1      | EarthwalkerPL the Formicid Fighter began the quest for the
                  | Orb.
     0 | D:1      | Reached XP level 1. HP: 18/18 MP: 1/1
   114 | D:1      | Reached XP level 2. HP: 24/24 MP: 2/2
   504 | D:1      | Reached XP level 3. HP: 25/29 MP: 3/3
  1489 | D:2      | Noticed Sigmund
  1492 | D:2      | You fall into a shaft and drop 1 floor!
  1805 | D:2      | Reached XP level 4. HP: 27/37 MP: 4/4
  3254 | D:4      | Reached skill level 5 in Shields
  3254 | D:4      | Reached XP level 5. HP: 25/42 MP: 5/5
  3662 | D:4      | Reached XP level 6. HP: 48/49 MP: 6/6
  3775 | D:4      | Noticed an ogre
  3784 | D:4      | Slain by an ogre

Illustrated notes

Levels and vault maps discovered:
D:1:      minmay_arrival_nine_rooms, layout_basic, nicolae_figureground_pulse
D:2:      mumra_celtic_spiral_tile, layout_basic, guppyfry_early_lair_pool,
          uniq_sigmund
D:3:      layout_basic, nicolae_wormholes
D:4:      layout_gridville

Skill      XL: |  1  2  3  4  5 |
---------------+----------------+-----
Fighting       | 4 |  4.4
Armour         | 4 |  4.5
Shields        | 5 |  5.4
Axes           | 3 |  3.3

Action                   |  1- 3 |  4- 6 || total
-------------------------+-------+-------++-------
Melee: War axe           |   109 |    90 ||   199
Throw: Boomerang         |       |     4 ||     4
 Abil: Dig               |     1 |       ||     1
       Shaft Self        |     1 |       ||     1
Armor: Chain mail        |    60 |    37 ||    97
       Scale mail        |     3 |       ||     3
Dodge: Dodged            |    54 |    38 ||    92
Block: Buckler           |    26 |    16 ||    42
